 Seeded DCSS version 0.30.0-18-gc0e69614cb (webtiles) character file.

Game seed: 5347910883644396414 (custom seed)

243 CInkIbrahim the Chopper (level 5, 0/42 HPs)
             Began as a Demonspawn Fighter on May 24, 2023.
             Killed by nerve-wracking pain
             ... invoked by Grinder
              (12 damage)
             ... on level 3 of the Dungeon.
             The game lasted 00:05:03 (2305 turns).

CInkIbrahim the Chopper (Demonspawn Fighter)        Turns: 2305, Time: 00:05:04

Health: 0/42       AC:  9    Str: 19    XL:     5   Next: 82%
Magic:  5/5        EV: 19    Int:  9    God:
Gold:   91         SH:  4    Dex: 12    Spells: 4/4 levels left

rFire   . . .        a - +0 war axe
rCold   . . .        c - +0 buckler
rNeg    . . .        b - +0 scale mail
rPois   .            m - +0 helmet
rElec   .            (no cloak)
rCorr   .            (no gloves)
SInv    .            f - +0 pair of boots
Will    .....        (no amulet) Stlth
                     g - +5 ring of evasion
HPRegen 0.27/turn    o - +5 ring of evasion
MPRegen 0.09/turn

%: no passive effects
@: mighty, hasted (expiring), very quick
A: rugged brown scales 1, demonic magic 1, demonic touch 1
a: no special abilities


You were on level 3 of the Dungeon.
You visited 1 branch of the dungeon, and saw 3 of its levels.

You collected 91 gold pieces.

Inventory:

Hand Weapons
 a - a +0 war axe (weapon)
 u - a +1 flail of pain
Missiles
 n - 10 poisoned darts (quivered)
Armour
 b - a +0 scale mail (worn)
 c - a +0 buckler (worn)
 f - a +0 pair of boots (worn)
 m - a +0 helmet (worn)
Jewellery
 g - a +5 ring of evasion (left hand)
 o - a +5 ring of evasion (right hand)
 q - the ring of Hozustrel {*Corrode rElec rN+ Will++ MP+9}
   (You found it on level 2 of the Dungeon)

   [ring of magical power]

   rElec:     It insulates you from electricity.
   rN:        It protects you from negative energy.
   MP:        It affects your magic capacity (+9).
   *Corrode:  It may corrode you when you take damage.
   Will:      It greatly increases your willpower.
Wands
 t - a wand of iceblast (13)
Scrolls
 e - a scroll of magic mapping
 i - a scroll of vulnerability {unknown}
 j - a scroll of amnesia {unknown}
 l - a scroll of teleportation {unknown}
 p - a scroll of noise {unknown}
Potions
 r - a potion of flight {unknown}


   Skills:
 - Level 3.0 Fighting
 + Level 5.6 Axes
 - Level 2.6 Armour
 - Level 2.6 Shields


You had 4 spell levels left.
You didn't know any spells.
Your spell library contained the following spells:

 Spells                   Type           Power      Damage    Failure   Level
 Apportation              Tloc           0%         N/A       83%         1
 Necrotise                Necr           0%         1d4       83%         1
 Summon Small Mammal      Summ           0%         N/A       83%         1


Dungeon Overview and Level Annotations

Branches:
Dungeon (3/15)

Altars:
Fedhas

Shops:
D:3 [

Annotations:
D:3 Grinder


Innate Abilities, Weirdness & Mutations

You are partially covered in rugged brown scales. (AC +1, +3% HP)
Spells you cast may paralyse adjacent enemies.
Your touch may inflict minor irresistible damage on your foes.


Message History

Grinder is severely wounded.
Grinder closely misses you.
You hit Grinder.
Grinder is severely wounded.
Grinder hits you.
You closely miss Grinder.
Grinder is severely wounded.
Grinder blinks!
Grinder says, "You look like you could use a good racking."
Grinder gestures at you. Pain shoots through your body!
You are too injured to fight recklessly!
You are too injured to fight recklessly!
You are too injured to fight recklessly!
Grinder gestures at you. You resist with significant effort.
Grinder misses you.
You hit Grinder.
Grinder is almost dead.
You barely miss Grinder.
Grinder is almost dead.
Grinder gestures at you. Pain shoots through your body!
* * * LOW HITPOINT WARNING * * *
You hit Grinder but do no damage.
Grinder is almost dead.
Grinder misses you.
You hit Grinder.
Grinder is almost dead.
Your extra speed is starting to run out.
Grinder gestures at you. You resist with significant effort.
You closely miss Grinder.
Grinder is almost dead.
Grinder completely misses you.
You barely miss Grinder.
Grinder is almost dead.
Grinder gestures at you. Pain shoots through your body!
You die...

##.# ....... ...#
#..........# ....
...........# #...
#.........## #.#.
#..........## #...#
#........... ..#
#.........# ## ..#
#.........###...#
..##########....@5...#
....)........#######..#
..############ ..######
......... #########


You could see Grinder.

Vanquished Creatures
  A water moccasin (D:3)
  An orc priest (D:3)
  An orc wizard (D:3)
  3 gnolls (D:3)
  An adder (D:2)
  A dart slug (D:1)
  3 orcs (D:3)
  A ball python (D:2)
  4 endoplasms
  A giant cockroach (D:2)
  3 hobgoblins
  6 kobolds
  2 quokkas (D:1)
  5 bats
  4 frilled lizards
  5 goblins
  5 rats
47 creatures vanquished.

Notes
Turn   | Place    | Note
-------+----------+-------------------------------------------
     0 | D:1      | CInkIbrahim the Demonspawn Fighter began the quest for the
                  | Orb.
     0 | D:1      | Reached XP level 1. HP: 18/18 MP: 1/1
   126 | D:1      | Reached skill level 2 in Axes
   450 | D:1      | Gained mutation: Your touch may inflict minor irresistible
                  | damage on your foes. [demonic ancestry]
   450 | D:1      | Reached XP level 2. HP: 19/24 MP: 2/2
  1114 | D:2      | Reached skill level 3 in Axes
  1375 | D:2      | Reached XP level 3. HP: 29/29 MP: 3/3
  1448 | D:2      | Identified the ring of Hozustrel {*Corrode rElec rN+ Will++
                  | MP+9}
  1857 | D:3      | Found a blossoming altar of Fedhas.
  1914 | D:3      | Reached skill level 4 in Axes
  1914 | D:3      | Gained mutation: You are partially covered in rugged brown
                  | scales. (AC +1, +3% HP) [demonic ancestry]
  1914 | D:3      | Reached XP level 4. HP: 27/36 MP: 4/4
  1916 | D:3      | Noticed a water moccasin
  1943 | D:3      | Killed a water moccasin
  1944 | D:3      | Reached skill level 5 in Axes
  1944 | D:3      | Gained mutation: Spells you cast may paralyse adjacent
                  | enemies. [demonic ancestry]
  1944 | D:3      | Reached XP level 5. HP: 6/42 MP: 5/5
  1945 | D:2      | HP: 2/42 [poisoned by a water moccasin]
  2159 | D:3      | Found Veutahad's Armour Shoppe.
  2264 | D:3      | Noticed Grinder
  2288 | D:3      | Paralysed by Grinder for 4 turns
  2305 | D:3      | Killed from afar by Grinder

Illustrated notes

Levels and vault maps discovered:
D:1:      dpeg_arrival_another_circle, layout_basic, serial_glass,
          glass_columns_b, glass_columns_a, item_on_display_a,
          minmay_strange_pillars
D:2:      layout_loops_ring, wander_ebering_terrifying_dragon_lair
D:3:      layout_rooms, fedhas_altar_1, mainiacjoe_overflow_brackets,
          tso_metal_star, serial_shops, nicolae_shop_rolling_square,
          lightli_corner_chamber, uniq_grinder

Skill      XL: |  1  2  3  4 |
---------------+-------------+-----
Axes           | 2 3 4 5 |  5.6
Fighting       | |  3.0
Armour         | |  2.6
Shields        | |  2.6

Action                     |  1- 3 |  4- 6 || total
---------------------------+-------+-------++-------
  Melee: War axe           |   123 |    52 ||   175
    Use: Scroll            |     4 |       ||     4
         Potion            |       |     5 ||     5
 Armour: Scale mail        |    38 |     4 ||    42
  Dodge: Dodged            |   104 |    42 ||   146
  Block: Buckler           |    29 |     5 ||    34
